Map: Interloper LE

Players

Elazer

  • Race: Zerg Zerg
  • Spawn Location: 5:00

SpeCial - Winner!

  • Race: Terran Terran
  • Spawn Location: 11:00

Event: 2017 WCS Global Finals

VOD

Have the link to the VOD?

Description

Time

  • Played on: Nov. 3, 2017, 3:33 p.m.
  • Length: 15:22

All games in this series

Show
View Real Time Build Order
Export as new Build Order

Elazer Zerg 

Build Orders: Hatch First 

Get SALT Encoding   

  12  0:00  Drone  
  13  0:12  Overlord  
  13  0:17  Drone  
  14  0:31  Drone x2  
  16  0:48  Hatchery  
  15  0:52  Drone  
  15  0:55  Drone  
  17  1:10  Spawning Pool  
  16  1:13  Extractor  
  16  1:14  Drone  
  16  1:17  Drone  
  17  1:21  Drone  
  18  1:31  Drone  
  19  1:39  Overlord  
  19  1:54  Drone  
  19  1:56  Queen  
  19  2:00  Queen, Zergling x2  
  25  2:02  Zergling x2  
  26  2:11  Drone  
  26  2:12  Metabolic Boost  
  26  2:15  Drone  
  28  2:21  Drone  
  29  2:26  Drone  
  29  2:35  Drone  
  29  2:43  Overlord  
  31  2:44  Drone x2  
  33  2:55  Pneumatized Carapace  
  31  2:58  Hatchery  
  31  3:01  Drone  
  32  3:05  Drone x2  
  32  3:06  Drone  
  32  3:08  Drone  
  35  3:14  Queen  
  35  3:16  Drone  
  35  3:18  Zergling x2  
  39  3:21  Zergling x2  
  39  3:23  Zergling x2  
  41  3:29  Overlord  
  41  3:30  Zergling x2  
  42  3:37  Zergling x2  
  43  3:47  Drone x2  
  43  3:48  Drone x2  
  46  3:49  Drone x2  
  46  3:50  Drone  
  46  3:53  Queen, Spore Crawler  
  51  3:58  Spore Crawler  
  51  3:59  Drone  
  51  4:11  Extractor  
  51  4:12  Overlord, Roach Warren  
  51  4:14  Drone  
  51  4:15  Drone  
  51  4:17  Drone  
  51  4:19  Drone x2  
  51  4:20  Drone  
  51  4:21  Drone  
  56  4:26  Overlord  
  56  4:28  Drone  
  57  4:33  Drone  
  58  4:39  Queen  
  58  4:40  Overlord  
  58  4:43  Drone x3  
  58  4:44  Drone x2  
  58  4:45  Drone  
  66  4:46  Drone x2  
  68  4:53  Drone  
  68  4:59  Roach x2  
  73  5:02  Extractor  
  73  5:03  Roach  
  73  5:04  Roach  
  74  5:08  Overlord  
  74  5:11  Roach x2  
  77  5:17  Drone x2  
  77  5:21  Overlord  
  75  5:22  Drone x2  
  75  5:24  Drone x2  
  75  5:25  Drone  
  75  5:26  Drone  
  75  5:28  Overlord  
  79  5:31  Drone  
  79  5:33  Drone x2  
  76  5:42  Overlord  
  75  5:44  Drone x2  
  75  5:47  Overlord, Lair  
  77  5:50  Evolution Chamber, Extractor  
  77  5:51  Evolution Chamber  
  77  5:53  Drone x3  
  77  5:55  Drone x2  
  79  5:59  Extractor  
  79  6:01  Drone x2  
  79  6:03  Overlord  
  80  6:04  Extractor  
  80  6:05  Drone  
  80  6:06  Drone x2  
  80  6:10  Drone  
  83  6:12  Overlord  
  83  6:14  Overlord, Hatchery  
  83  6:15  Zergling x4  
  85  6:18  Zerg Ground Armor Level 1  
  85  6:22  Zerg Melee Weapons Level 1  
  85  6:23  Drone  
  85  6:25  Drone  
  87  6:27  Drone  
  88  6:35  Zergling x2  
  88  6:36  Zergling x10  
  94  6:40  Drone  
  94  6:41  Overlord  
  94  6:42  Baneling Nest  
  94  6:44  Zergling x6  
  94  6:45  Zergling x2  
  98  6:50  Hydralisk Den, Zergling x6  
  100  6:55  Overlord  
  100  6:56  Zergling x2  
  101  7:01  Overlord  
  101  7:03  Zergling x6  
  104  7:11  Zergling x8  
  108  7:21  Overlord  
  108  7:25  Centrifical Hooks  
  108  7:27  Zergling x2  
  108  7:28  Baneling, Zergling x12  
  108  7:29  Baneling x3  
  115  7:33  Muscular Augments, Hydralisk x4  
  123  7:37  Hydralisk x3  
  123  7:41  Hydralisk x2  
  132  7:49  Overlord  
  132  7:50  Drone x6  
  137  7:56  Drone  
  137  8:00  Overlord  
  137  8:05  Overlord  
  135  8:07  Overlord  
  135  8:09  Hydralisk x5  
  143  8:16  Overlord  
  139  8:23  Zerg Melee Weapons Level 2, Zerg Ground Armor Level 2  
  139  8:26  Drone x3  
  138  8:27  Infestation Pit  
  138  8:28  Overlord, Zergling x2  
  138  8:29  Zergling x4  
  142  8:34  Drone x4  
  142  8:40  Overseer  
  144  8:46  Zergling x12  
  144  8:47  Zergling x10  
  144  8:48  Zergling x4  
  155  8:49  Zergling x2  
  154  9:01  Burrow  
  154  9:02  Zergling x2  
  154  9:03  Zergling x12  
  154  9:07  Hive  
  154  9:08  Baneling x4  
  154  9:09  Baneling x8  
  160  9:14  Zergling x14  
  167  9:18  Zergling x10  
  167  9:22  Zergling x2  
  167  9:23  Zergling x2  
  174  9:26  Zergling x2  
  170  9:35  Zergling x12  
  170  9:36  Zergling x6  
  179  9:39  Zergling x4  
  179  9:44  Infestor x2  
  185  9:50  Zergling x2  
  185  9:51  Zergling x12  
  185  9:52  Baneling, Hatchery  
  191  9:53  Baneling x4  
  191  9:57  Baneling  
  191  9:58  Baneling x2  
  191  9:59  Overlord  
  191  10:00  Zergling x4  
  183  10:10  Zergling x8  
  174  10:17  Zergling x16  
  174  10:23  Zergling x8  
  162  10:34  Zergling x6  
  143  10:40  Ultralisk Cavern  
  138  10:43  Hatchery  
  138  10:44  Zergling x6  
  130  10:53  Hydralisk x3  
  127  11:02  Adrenal Glands  
  127  11:06  Drone x4  
  130  11:21  Overlord  
  130  11:29  Ultralisk x2, Chitinous Plating  
  130  11:30  Ultralisk  
  152  11:35  Viper  
  149  11:40  Zergling x14  
  155  11:52  Extractor  
  155  11:54  Drone x3  
  155  11:55  Zergling x12  
  155  11:56  Zergling x2  
  155  11:58  Baneling x11  
  163  12:03  Zergling x6  
  163  12:08  Hatchery  
  164  12:12  Zergling x2  
  164  12:13  Zergling x6  
  149  12:24  Zergling x12  
  149  12:28  Zergling x8  
  147  12:35  Ultralisk x2  
  154  12:39  Hatchery  
  149  12:47  Hydralisk x4  
  149  12:49  Zergling x6  
  160  12:53  Baneling  
  160  12:54  Baneling  
  159  13:01  Drone x2  
  159  13:02  Drone x2  
  159  13:04  Baneling x4  
  162  13:08  Zergling x8  
  162  13:11  Baneling x3  
  124  13:26  Viper  
  123  13:35  Extractor  
  123  13:36  Drone x3  
  125  13:41  Drone x2  
  125  13:42  Drone  
  125  13:44  Ultralisk  
  134  13:54  Zergling x22  
  140  14:12  Zergling x10  
  140  14:13  Zergling x8  
  142  14:21  Zergling x2  
  142  14:22  Zergling x8  
  142  14:23  Infestor  
  147  14:30  Infestor x3  
  151  14:36  Zergling x6  
  151  14:37  Hatchery  
  153  14:51  Drone  
  153  14:52  Drone x3  
  149  15:04  Extractor, Drone  
  149  15:05  Drone  
  149  15:06  Drone x4  
Show
View Real Time Build Order
Export as new Build Order

SpeCial Terran - Winner!

Build Orders: Reaper Expand, Bio Tank 

Get SALT Encoding   

  12  0:00  SCV  
  13  0:12  SCV  
  14  0:17  Supply Depot  
  14  0:24  SCV  
  15  0:38  SCV  
  15  0:39  Barracks  
  16  0:43  Refinery  
  16  0:50  SCV  
  17  1:02  SCV  
  18  1:15  SCV  
  19  1:26  Reaper  
  19  1:27  Orbital Command  
  20  1:40  Command Center  
  20  1:52  Supply Depot  
  20  1:53  SCV  
  21  1:58  Marine  
  22  2:04  Factory  
  22  2:08  SCV  
  23  2:13  Refinery  
  23  2:20  Barracks Reactor, SCV  
  24  2:32  SCV  
  25  2:44  SCV  
  25  2:50  Starport  
  26  2:53  Orbital Command  
  26  2:58  SCV  
  27  3:01  Hellion x2  
  31  3:10  SCV  
  32  3:14  Barracks Tech Lab  
  32  3:19  Supply Depot, SCV  
  33  3:22  SCV  
  33  3:26  Widow Mine x2  
  38  3:27  Medivac  
  38  3:31  SCV  
  41  3:34  SCV  
  42  3:42  Supply Depot  
  42  3:43  SCV  
  42  3:46  SCV  
  44  3:55  SCV  
  45  3:56  Hellion  
  45  3:57  Hellion  
  49  4:03  SCV  
  49  4:05  Command Center, Raven  
  49  4:07  SCV  
  53  4:11  Barracks Tech Lab  
  53  4:14  Supply Depot  
  53  4:15  SCV  
  54  4:19  SCV  
  55  4:27  SCV  
  55  4:28  Supply Depot  
  55  4:31  SCV  
  56  4:38  Supply Depot  
  56  4:39  SCV  
  56  4:41  Marine  
  56  4:42  Siege Tank, Marine  
  56  4:45  Barracks  
  62  4:47  Barracks  
  62  4:53  SCV x2  
  62  4:57  Supply Depot  
  62  4:59  Marine x2  
  63  5:02  Bunker  
  63  5:03  Raven  
  63  5:05  SCV  
  67  5:10  SCV  
  68  5:17  SCV  
  67  5:22  SCV  
  67  5:27  Engineering Bay x2  
  66  5:29  SCV  
  66  5:32  Marine  
  66  5:34  SCV  
  67  5:38  Stimpack, Barracks Reactor  
  67  5:40  Refinery, Orbital Command  
  67  5:41  Refinery, SCV  
  66  5:47  SCV  
  66  5:49  Marine  
  67  5:53  SCV  
  69  5:58  Terran Infantry Weapons Level 1  
  69  5:59  SCV  
  69  6:00  Starport Reactor  
  69  6:04  Marine x2  
  68  6:07  Marine  
  68  6:08  Barracks  
  68  6:09  Supply Depot  
  68  6:10  Barracks  
  71  6:14  Siege Tank  
  71  6:15  Orbital Command, SCV x2  
  76  6:21  Liberator, Marine  
  76  6:22  Marine  
  76  6:23  Supply Depot  
  76  6:24  Supply Depot  
  78  6:26  Marine x3  
  78  6:27  SCV  
  78  6:28  SCV  
  83  6:37  Medivac  
  83  6:39  SCV, Marine x2  
  90  6:40  SCV  
  90  6:44  SCV, Marine  
  90  6:46  Marine x2  
  96  6:50  Supply Depot  
  96  6:51  SCV  
  96  6:52  SCV  
  96  6:54  Siege Tank  
  101  6:56  SCV  
  101  6:57  Marine  
  101  6:59  Terran Infantry Armor Level 1  
  103  7:02  Supply Depot  
  103  7:03  SCV  
  103  7:04  SCV  
  103  7:05  Barracks Reactor  
  103  7:06  Marine  
  103  7:07  Marine  
  107  7:08  SCV, Marine  
  107  7:14  Marine  
  110  7:15  SCV  
  110  7:16  SCV  
  110  7:19  Medivac  
  110  7:20  Barracks Reactor, SCV  
  113  7:22  Marine  
  113  7:24  Supply Depot  
  113  7:25  Supply Depot  
  113  7:26  Medivac, Marine x2  
  113  7:27  SCV  
  113  7:28  SCV  
  120  7:33  SCV, Marine  
  122  7:38  Marine  
  122  7:40  Marine, SCV x2, Siege Tank  
  122  7:42  Refinery  
  122  7:43  Refinery  
  128  7:44  Marine x3  
  128  7:45  Supply Depot  
  128  7:49  Missile Turret  
  128  7:50  Missile Turret  
  128  7:51  Marine x2  
  133  7:56  SCV x3, Marine  
  133  7:58  Armory, Marine  
  137  8:00  Marine  
  138  8:07  Marine x2  
  138  8:08  Marine  
  138  8:09  Marine  
  138  8:12  SCV, Siege Tank  
  146  8:13  Factory  
  146  8:17  Marine  
  141  8:21  SCV x2  
  141  8:24  Supply Depot, Marine x2  
  141  8:25  Marine x3  
  141  8:26  SCV, Marine  
  147  8:29  Marine  
  147  8:32  Command Center, Marine  
  150  8:35  Marine  
  150  8:37  Medivac x2  
  154  8:42  Supply Depot, Marine x2  
  154  8:43  Marine  
  154  8:44  Marine x2  
  154  8:46  Marine  
  160  8:49  Marine  
  160  8:50  Sensor Tower, Marine  
  160  8:54  Siege Tank  
  165  8:56  Marine  
  165  8:57  Combat Shields  
  165  9:00  Marine x2  
  165  9:01  Terran Infantry Weapons Level 2  
  168  9:03  Marine  
  168  9:07  Terran Infantry Armor Level 2  
  169  9:11  Marine x3  
  169  9:13  Marine x2  
  174  9:17  Marine  
  174  9:18  Factory Tech Lab  
  174  9:23  Marine x2  
  174  9:24  Marine  
  178  9:31  Marine x2, Siege Tank  
  181  9:35  Marine x2  
  181  9:36  Marine x2  
  186  9:39  Siege Tank  
  186  9:40  Liberator x2  
  186  9:42  Marine x3  
  188  9:49  Marine x2  
  190  9:53  Marine x2  
  190  9:56  Barracks  
  190  9:57  Barracks  
  190  9:58  Barracks  
  198  10:03  Marine  
  198  10:06  Marine  
  199  10:12  Marine x2  
  190  10:19  Marine x3  
  187  10:25  Siege Tank  
  167  10:29  Marine x3  
  167  10:30  Marine x2  
  167  10:31  Unknown x2  
  167  10:32  Marine  
  163  10:35  Siege Tank  
  163  10:36  Marine  
  163  10:37  Marine x2  
  160  10:47  Marine x3  
  160  10:48  Marine x2  
  143  10:50  Marine  
  143  10:54  Marine x3  
  136  10:57  Siege Tank  
  136  11:02  SCV x2  
  142  11:04  Marine  
  142  11:05  Marine x2  
  142  11:06  Planetary Fortress, Marine x2  
  142  11:08  Siege Tank  
  142  11:09  Marauder  
  151  11:11  Barracks Tech Lab x3  
  151  11:12  Marine x3  
  154  11:22  Marine x3  
  154  11:23  Marine  
  154  11:24  Marine  
  159  11:26  Sensor Tower  
  159  11:29  Siege Tank, Marine x2  
  159  11:30  Marine x3  
  159  11:31  Marauder  
  167  11:34  Marauder  
  166  11:40  Sensor Tower, Marine, Siege Tank  
  166  11:45  Marine  
  166  11:46  Marine  
  172  11:47  Marauder, Marine  
  172  11:48  Marauder  
  172  11:50  Marine x2  
  172  11:52  Marauder  
  181  11:54  Marine  
  181  11:56  Marauder, Marine  
  185  12:01  Siege Tank  
  185  12:02  Marine  
  185  12:03  Marine  
  190  12:09  Marauder x2  
  190  12:12  Terran Infantry Weapons Level 3  
  190  12:13  Marauder  
  193  12:17  Marauder  
  193  12:18  Terran Infantry Armor Level 3  
  178  12:23  Siege Tank  
  178  12:24  Marine  
  178  12:27  Marine  
  160  12:30  Marauder x2, Marine  
  160  12:33  Unknown x2  
  160  12:35  Marauder  
  164  12:37  Liberator x2, Marine  
  164  12:38  Marine x3  
  164  12:39  Marauder  
  164  12:42  Marine x2  
  168  12:45  Marine  
  168  12:48  Marine  
  170  12:51  Marauder  
  170  12:52  Marauder  
  170  12:53  Terran Vehicle Weapons Level 1  
  170  12:57  Siege Tank  
  183  13:05  Refinery x2, Missile Turret  
  180  13:09  Marine  
  180  13:10  Marauder  
  183  13:16  Marauder  
  153  13:25  Marauder, Marine  
  156  13:27  Concussive Shells, Marine  
  156  13:28  Marauder  
  156  13:29  Marine  
  156  13:31  Marauder  
  156  13:32  Siege Tank  
  165  13:41  Medivac x2  
  169  13:42  Marine x2  
  169  13:43  Marauder  
  173  13:48  Siege Tank  
  176  13:59  Marauder, Marine  
  179  14:03  Marauder  
  179  14:04  Siege Tank  
  179  14:06  Marine x2  
  179  14:07  Marauder  
  188  14:12  Marauder, Marine  
  184  14:19  Medivac x2  
  188  14:28  Orbital Command  
  188  14:34  Siege Tank  
  188  14:36  Marine, Siege Tank  
  188  14:37  Marauder, Marine  
  198  14:44  Marine  
  199  14:49  Sensor Tower  
Tags
 
Add a new tag
Caveats
  • Supply blocks, unpowered buildings, or Contaminate may cause inaccurate times.
  • Supply counts are checked every 10 seconds.